ESL (28 & UNDER)
WILMINGTON REBELS @ KINGSTON IGUANAS
09/11/2029
 
TOP OF THE 1ST
Wilmington Rebels batting - Pitching for Kingston Iguanas : RHP Bob Holland
Pitching: RHP Bob Holland
Batting: RHB Marlon Hernández 0-0: Ball
1-0: Called Strike
1-1: Ball
2-1: Foul Ball, location: 2F
2-2: Ball
3-2: Foul Ball, location: 2F
3-2: SINGLE (Flyball, 89S)
Batting: RHB Pedro Zavala 0-0: Called Strike
0-1: Called Strike
0-2: Ball
1-2: Reached on error, E6 (Groundball, 56)
Marlon Hernández to second
Batting: RHB Andrew Deal 0-0: Called Strike
0-1: Fielders Choice at 3rd, U5 (Groundball, 5L)
Pedro Zavala to second
Batting: LHB Marv Gardner 0-0: Foul Ball, location: 2F
0-1: Ball
Wild Pitch!
Pedro Zavala to third
Andrew Deal to second
1-1: Ball
2-1: Called Strike
2-2: Ball
3-2: Foul Ball, location: 2F
3-2: Fly out, F9 (Flyball, 9S)
Batting: RHB Henry Dawson 0-0: Ball
1-0: Foul Ball, location: 2F
1-1: Called Strike
1-2: Ball
2-2: Foul Ball, location: 2F
2-2: Fly out, F5 (Line Drive, 5)
Top of the 1st over - 0 runs, 1 hit, 1 error, 2 left on base; Wilmington 0 - Kingston 0
BOTTOM OF THE 1ST
Kingston Iguanas batting - Pitching for Wilmington Rebels : RHP Gabriel Castillo
Pitching: RHP Gabriel Castillo
Batting: LHB Marvin Nichols 0-0: Foul Ball, location: 2F
0-1: Ball
1-1: Foul Ball, location: 2F
1-2: Foul Ball, location: 2F
1-2: Ball
2-2: Ground out 4-3 (Groundball, 4MD)
Batting: RHB Tim Davis 0-0: Ball
1-0: Ground out 5-3 (Groundball, 56)
Batting: LHB Gustavo Gómez 0-0: Ball
1-0: Foul Ball, location: 2F
1-1: Ball
2-1: Foul Ball, location: 2F
2-2: Ball
3-2: Base on Balls
Batting: RHB Bob Lee 0-0: Ball
1-0: Ball
2-0: Called Strike
2-1: Fly out, F6 (Popup, 6M)
Bottom of the 1st over - 0 runs, 0 hits, 0 errors, 1 left on base; Wilmington 0 - Kingston 0
TOP OF THE 2ND
Wilmington Rebels batting - Pitching for Kingston Iguanas : RHP Bob Holland
Batting: RHB Sergio Moreno 0-0: Ground out 6-3 (Groundball, 56)
Batting: LHB Seth Sullivan 0-0: Foul Ball, location: 2F
0-1: Ground out 5-3 (Groundball, 56S)
Batting: RHB Brian McCoy 0-0: Called Strike
0-1: Foul Ball, location: 2F
0-2: Strikes out looking
Top of the 2nd over - 0 runs, 0 hits, 0 errors, 0 left on base; Wilmington 0 - Kingston 0
BOTTOM OF THE 2ND
Kingston Iguanas batting - Pitching for Wilmington Rebels : RHP Gabriel Castillo
Batting: RHB Andrés Bustamante 0-0: Foul Ball, location: 2F
0-1: Ball
1-1: Called Strike
1-2: Fly out, F7 (Flyball, 78D)
Batting: RHB Manuel Gómez 0-0: Ball
1-0: Foul Ball, location: 2F
1-1: Called Strike
1-2: Fly out, F8 (Flyball, 8LD)
Batting: RHB Sergio Mata 0-0: Ball
1-0: Called Strike
1-1: Ground out 5-3 (Groundball, 56)
Bottom of the 2nd over - 0 runs, 0 hits, 0 errors, 0 left on base; Wilmington 0 - Kingston 0
TOP OF THE 3RD
Wilmington Rebels batting - Pitching for Kingston Iguanas : RHP Bob Holland
Batting: RHB Guillermo González 0-0: Ball
1-0: Ball
2-0: Foul Ball, location: 2F
2-1: Ball
3-1: Base on Balls
Batting: RHB Marlon Hernández 0-0: Ball
1-0: Ball
Guillermo González steals 2nd base
2-0: Fly out, F9 (Flyball, 9LMF)
Batting: RHB Pedro Zavala 0-0: Ball
Guillermo González steals 3rd base
1-0: Called Strike
1-1: Ball
2-1: Foul Ball, location: 2F
2-2: Strikes out swinging
Batting: RHB Andrew Deal 0-0: Called Strike
0-1: Reached on error, E6 (Groundball, 6)
Guillermo González scores
Batting: LHB Marv Gardner 0-0: Ball
1-0: Ball
2-0: Called Strike
2-1: Swinging Strike
2-2: Foul Ball, location: 2F
2-2: SINGLE (Flyball, 7LS)
Andrew Deal to third
Runner from 3rd tries for Home, SAFE, throw made home
Batting: RHB Henry Dawson 0-0: Swinging Strike
0-1: Called Strike
0-2: Strikes out looking
Top of the 3rd over - 2 runs, 1 hit, 1 error, 1 left on base; Wilmington 2 - Kingston 0
BOTTOM OF THE 3RD
Kingston Iguanas batting - Pitching for Wilmington Rebels : RHP Gabriel Castillo
Batting: RHB Cristián López 0-0: Called Strike
0-1: Swinging Strike
0-2: Foul Ball, location: 2F
0-2: Strikes out swinging
Batting: RHB Ron Campbell 0-0: Ball
1-0: Ball
2-0: Foul Ball, location: 2F
2-1: Ball
3-1: Reached on error, E6 (Groundball, 6)
Batting: LHB Marvin Nichols 0-0: Ball
1-0: TRIPLE (Flyball, 9D)
Ron Campbell scores
Batting: RHB Tim Davis 0-0: Ball
1-0: Foul Ball, location: 2F
1-1: Ball
2-1: Fly out, F7 (Flyball, 7S)
Batting: LHB Gustavo Gómez 0-0: Ball
1-0: Foul Ball, location: 2F
1-1: Called Strike
1-2: DOUBLE (Groundball, 5L)
Marvin Nichols scores
Batting: RHB Bob Lee 0-0: Ball
1-0: Ball
2-0: Called Strike
2-1: Ball
3-1: Called Strike
3-2: Foul Ball, location: 2F
3-2: Base on Balls
Batting: RHB Andrés Bustamante 0-0: Foul Ball, location: 2F
0-1: Ball
1-1: Foul Ball, location: 2F
1-2: Fielders Choice at 2nd, 6-4 (Groundball, 6)
Bottom of the 3rd over - 2 runs, 2 hits, 1 error, 2 left on base; Wilmington 2 - Kingston 2
TOP OF THE 4TH
Wilmington Rebels batting - Pitching for Kingston Iguanas : RHP Bob Holland
Batting: RHB Sergio Moreno 0-0: Ball
1-0: Swinging Strike
1-1: Called Strike
1-2: Foul Ball, location: 2F
1-2: Ground out U3 (Groundball, 34)
Batting: LHB Seth Sullivan 0-0: Called Strike
0-1: Ball
1-1: Swinging Strike
1-2: Ball
2-2: Strikes out swinging
Batting: RHB Brian McCoy 0-0: Ball
1-0: Foul Ball, location: 2F
1-1: SINGLE (Line Drive, 56D)
Batting: RHB Guillermo González 0-0: SINGLE (Groundball, 34D)
Brian McCoy to second
Runner from 2nd tries for 3rd, SAFE, no throw
Batting: RHB Marlon Hernández 0-0: Ball
1-0: Ball
2-0: Swinging Strike
2-1: Fielders Choice at 2nd, 6-4 (Groundball, 6)
Top of the 4th over - 0 runs, 2 hits, 0 errors, 2 left on base; Wilmington 2 - Kingston 2
BOTTOM OF THE 4TH
Kingston Iguanas batting - Pitching for Wilmington Rebels : RHP Gabriel Castillo
Batting: RHB Manuel Gómez 0-0: Foul Ball, location: 2F
0-1: Ground out 3-1 (Groundball, 3S)
Batting: RHB Sergio Mata 0-0: Ball
1-0: Ball
2-0: Called Strike
2-1: Foul Ball, location: 2F
2-2: Strikes out swinging
Batting: RHB Cristián López 0-0: Swinging Strike
0-1: Called Strike
0-2: Ball
1-2: Ball
2-2: Foul Ball, location: 2F
2-2: Fly out, F4 (Line Drive, 4)
Bottom of the 4th over - 0 runs, 0 hits, 0 errors, 0 left on base; Wilmington 2 - Kingston 2
TOP OF THE 5TH
Wilmington Rebels batting - Pitching for Kingston Iguanas : RHP Bob Holland
Batting: RHB Pedro Zavala 0-0: Ball
1-0: Foul Ball, location: 2F
1-1: Swinging Strike
1-2: Strikes out swinging
Batting: RHB Andrew Deal 0-0: Called Strike
0-1: Swinging Strike
0-2: Ball
1-2: Ball
2-2: Strikes out looking
Batting: LHB Marv Gardner 0-0: Ball
1-0: Ball
2-0: Ball
3-0: Called Strike
3-1: SOLO HOME RUN (Flyball, 9LD), Distance : 361 ft
Batting: RHB Henry Dawson 0-0: Foul Ball, location: 2F
0-1: Called Strike
0-2: Strikes out swinging
Top of the 5th over - 1 run, 1 hit, 0 errors, 0 left on base; Wilmington 3 - Kingston 2
BOTTOM OF THE 5TH
Kingston Iguanas batting - Pitching for Wilmington Rebels : RHP Gabriel Castillo
Batting: RHB Ron Campbell 0-0: Swinging Strike
0-1: Foul Ball, location: 2F
0-2: Ball
1-2: Ball
2-2: Strikes out swinging
Batting: LHB Marvin Nichols 0-0: Ball
1-0: Ball
2-0: Ball
3-0: Called Strike
3-1: SOLO HOME RUN (Flyball, 9LD), Distance : 361 ft
Batting: RHB Tim Davis 0-0: Called Strike
0-1: Swinging Strike
0-2: Fly out, F7 (Flyball, 7)
Batting: LHB Gustavo Gómez 0-0: Ball
1-0: Foul Ball, location: 2F
1-1: Called Strike
1-2: Ball
2-2: Strikes out swinging
Bottom of the 5th over - 1 run, 1 hit, 0 errors, 0 left on base; Wilmington 3 - Kingston 3
TOP OF THE 6TH
Wilmington Rebels batting - Pitching for Kingston Iguanas : RHP Bob Holland
Batting: RHB Sergio Moreno 0-0: Ball
1-0: Ball
2-0: Called Strike
2-1: DOUBLE (Flyball, 8RXD)
Batting: LHB Seth Sullivan 0-0: Intentional Walk
Pitching: RHP Ron Jenkins
Batting: RHB Brian McCoy 0-0: Called Strike
0-1: Foul Ball, location: 2F
0-2: Strikes out swinging
Batting: RHB Guillermo González 0-0: Ball
1-0: Foul Ball, location: 2F
1-1: Ball
2-1: Swinging Strike
2-2: Foul Ball, location: 2F
2-2: Foul Ball, location: 2F
2-2: Strikes out looking
Batting: RHB Marlon Hernández 0-0: Fielders Choice at 2nd, 6-4 (Groundball, 6)
Top of the 6th over - 0 runs, 1 hit, 0 errors, 2 left on base; Wilmington 3 - Kingston 3
BOTTOM OF THE 6TH
Kingston Iguanas batting - Pitching for Wilmington Rebels : RHP Gabriel Castillo
Pitching: LHP Manuel Guel
Batting: RHB Bob Lee 0-0: Called Strike
0-1: Foul Ball, location: 2F
0-2: Ball
1-2: Foul Ball, location: 2F
1-2: Ball
2-2: Ball
3-2: Base on Balls
Batting: RHB Andrés Bustamante 0-0: Called Strike
0-1: Ball
1-1: Ball
2-1: Ball
3-1: Fly out, F7 (Flyball, 78D)
Batting: RHB Manuel Gómez 0-0: Ball
1-0: Called Strike
1-1: Ball
2-1: Swinging Strike
2-2: 2-RUN HOME RUN (Flyball, 7LD), Distance : 354 ft
Batting: RHB Sergio Mata 0-0: Ball
1-0: Called Strike
1-1: Called Strike
1-2: Ball
2-2: Foul Ball, location: 2F
2-2: Foul Ball, location: 2F
2-2: Ball
3-2: Foul Ball, location: 2F
3-2: Foul Ball, location: 2F
3-2: SINGLE (Line Drive, 6D)
Pitching: RHP William Gallegos
Batting: RHB Cristián López 0-0: Ball
1-0: Ball
2-0: Called Strike
2-1: Foul Ball, location: 2F
2-2: Foul Ball, location: 2F
2-2: Fly out, F9 (Flyball, 9D)
Batting: RHB Ron Campbell 0-0: Ball
1-0: Swinging Strike
1-1: Ball
2-1: SINGLE (Groundball, 6D)
Sergio Mata to second
Batting: LHB Marvin Nichols 0-0: Called Strike
0-1: Foul Ball, location: 2F
0-2: Ball
1-2: Ball
2-2: Ball
3-2: Foul Ball, location: 2F
3-2: 3-RUN HOME RUN (Flyball, 7LD), Distance : 339 ft
Batting: RHB Tim Davis 0-0: Called Strike
0-1: Foul Ball, location: 2F
0-2: Ball
1-2: Ball
2-2: Strikes out looking
Bottom of the 6th over - 5 runs, 4 hits, 0 errors, 0 left on base; Wilmington 3 - Kingston 8
TOP OF THE 7TH
Wilmington Rebels batting - Pitching for Kingston Iguanas : RHP Ron Jenkins
Batting: RHB Pedro Zavala 0-0: Ball
1-0: Ball
2-0: Ball
3-0: Called Strike
3-1: Called Strike
3-2: SINGLE (Line Drive, 8LS)
Batting: RHB Andrew Deal 0-0: Ball
1-0: Called Strike
1-1: Foul Ball, location: 2F
1-2: Ball
2-2: Foul Ball, location: 2F
2-2: Ball
3-2: Strikes out swinging
Batting: LHB Marv Gardner 0-0: Ball
1-0: Ball
2-0: Called Strike
2-1: Foul Ball, location: 2F
2-2: SINGLE (Flyball, 9LS)
Pedro Zavala to second
Runner from 2nd tries for 3rd, SAFE, no throw
Batting: RHB Henry Dawson 0-0: Foul Ball, location: 2F
0-1: Foul Ball, location: 2F
0-2: Strikes out swinging
Batting: RHB Sergio Moreno 0-0: Swinging Strike
0-1: Fly out, F8 (Flyball, 89XD)
Top of the 7th over - 0 runs, 2 hits, 0 errors, 2 left on base; Wilmington 3 - Kingston 8
BOTTOM OF THE 7TH
Kingston Iguanas batting - Pitching for Wilmington Rebels : RHP William Gallegos
Batting: LHB Gustavo Gómez 0-0: Swinging Strike
0-1: Called Strike
0-2: Foul Ball, location: 2F
0-2: Ball
1-2: Ball
2-2: Foul Ball, location: 2F
2-2: Foul Ball, location: 2F
2-2: SINGLE (Flyball, 7LM)
Batting: RHB Bob Lee 0-0: SINGLE (Groundball, 34D)
Gustavo Gómez to second
Runner from 2nd tries for 3rd, SAFE, throw made to third
Batting: RHB Andrés Bustamante 0-0: Called Strike
0-1: Foul Ball, location: 2F
0-2: Foul Ball, location: 2F
0-2: Foul Ball, location: 2F
0-2: Ball
1-2: Foul Ball, location: 2F
1-2: Strikes out looking
Batting: RHB Manuel Gómez 0-0: Ball
1-0: Ball
2-0: 3-RUN HOME RUN (Flyball, 9LD), Distance : 352 ft
Batting: RHB Sergio Mata 0-0: Foul Ball, location: 2F
0-1: Ball
1-1: Ball
2-1: Ball
3-1: Foul Ball, location: 2F
3-2: Base on Balls
Pitching: LHP Nathan Armstrong
Batting: RHB Cristián López 0-0: Called Strike
0-1: Swinging Strike
0-2: Ball
Sergio Mata steals 2nd base
1-2: Strikes out swinging
Batting: RHB Ron Campbell 0-0: Ball
1-0: Foul Ball, location: 2F
1-1: DOUBLE (Flyball, 89D)
Sergio Mata scores
Batting: LHB Marvin Nichols 0-0: Fly out, F4 (Popup, 4M)
Bottom of the 7th over - 4 runs, 4 hits, 0 errors, 1 left on base; Wilmington 3 - Kingston 12
TOP OF THE 8TH
Wilmington Rebels batting - Pitching for Kingston Iguanas : RHP Ron Jenkins
Batting: LHB Seth Sullivan 0-0: Fly out, F7 (Line Drive, 7LM)
Batting: RHB Brian McCoy 0-0: Foul Ball, location: 2F
0-1: Fly out, F8 (Flyball, 78M)
Batting: RHB Guillermo González 0-0: Ball
1-0: Foul Ball, location: 2F
1-1: Ball
2-1: Foul Ball, location: 2F
2-2: Strikes out swinging
Top of the 8th over - 0 runs, 0 hits, 0 errors, 0 left on base; Wilmington 3 - Kingston 12
BOTTOM OF THE 8TH
Kingston Iguanas batting - Pitching for Wilmington Rebels : LHP Nathan Armstrong
Batting: RHB Tim Davis 0-0: Called Strike
0-1: Ground out 6-3 (Groundball, 6)
Batting: LHB Gustavo Gómez 0-0: Called Strike
0-1: Ball
1-1: Ball
2-1: Ball
3-1: Base on Balls
Batting: RHB Bob Lee 0-0: Called Strike
0-1: Ball
1-1: SINGLE (Flyball, 89S)
Gustavo Gómez to second
Runner from 2nd tries for 3rd, SAFE, no throw
Batting: RHB Andrés Bustamante 0-0: Ball
1-0: Swinging Strike
1-1: Ball
2-1: Foul Ball, location: 2F
2-2: Ball
3-2: Grounds into double play, 4-6-3 (Groundball, 4)
Bottom of the 8th over - 0 runs, 1 hit, 0 errors, 1 left on base; Wilmington 3 - Kingston 12
TOP OF THE 9TH
Wilmington Rebels batting - Pitching for Kingston Iguanas : RHP Ron Jenkins
Batting: RHB Marlon Hernández 0-0: Ball
1-0: Swinging Strike
1-1: SINGLE (Line Drive, 8LS)
Batting: RHB Pedro Zavala 0-0: Foul Ball, location: 2F
0-1: Ball
1-1: SINGLE (Line Drive, 6MD)
Marlon Hernández to second
Batting: RHB Andrew Deal 0-0: Ball
1-0: Ground out 6-3 (Groundball, 6MS)
Marlon Hernández to third
Pedro Zavala to second
Batting: LHB Marv Gardner 0-0: Swinging Strike
0-1: Ball
1-1: Ball
2-1: Foul Ball, location: 2F
2-2: Fly out, F9 (Flyball, 9D)
Runner from 3rd tags up, SCORES, no throw
Batting: RHB Henry Dawson 0-0: Called Strike
0-1: Called Strike
0-2: Strikes out swinging
Top of the 9th over - 1 run, 2 hits, 0 errors, 1 left on base; Wilmington 4 - Kingston 12
Saturday, December 16th, 2017 - OOTP Baseball 18.8 Build 76